General information
- name: BNet
- type: Ladder team game (AT/RT)
- host: Battle.net
- saver: BEARAND4
map: LastManStanding
- players: 8
- length: 13:51
- speed: Fast
- version: 1.26 W3XP
- replay type: Public
» download(101 KB)
Players
team 1 (loser)

»
KinDBuD-Puff (
green | 17 APM | 218 actions | 13:00)
1 Death Knight
1 Death Coil
» actions
| Assign group hotkey | 7 | |
| Basic commands | 9 | |
| Build / train | 21 | |
| ESC pressed | 1 | |
| Enter build submenu | 9 | |
| Enter hero's abilities submenu | 1 | |
| Right click | 53 | |
| Select / deselect | 72 | |
| Select group hotkey | 33 | |
| Use ability | 12 | |
218 total
» units
| Acolyte | 2 | |
| Ghoul | 8 | |
| Crypt Fiend | 4 | |
14 total
» upgrades
» buildings
| Crypt | 1 | |
| Altar of Darkness | 1 | |
| Ziggurat | 4 | |
| Graveyard | 1 | |
| Tomb of Relics | 1 | |
| Halls of the Dead | 1 | |
9 total
» build order
05:31 Crypt
05:33 Altar of Darkness
05:35 Ziggurat
05:55 Graveyard
06:27 Ziggurat
06:28 Tomb of Relics
08:55 Halls of the Dead
09:56 Ziggurat
09:57 Ziggurat
» items

»
NOTTODAY. (
pink | 131 APM | 1792 actions | 13:43)
4 Archmage
2 Summon Water Elemental
2 Brilliance Aura
1 Blood Mage
1 Flame Strike
» actions
| Assign group hotkey | 91 | |
| Basic commands | 240 | |
| Build / train | 74 | |
| ESC pressed | 2 | |
| Enter build submenu | 41 | |
| Enter hero's abilities submenu | 5 | |
| Give item / drop item | 1 | |
| Right click | 334 | |
| Select / deselect | 267 | |
| Select group hotkey | 678 | |
| Use ability | 59 | |
1792 total
» units
| Peasant | 20 | |
| Footman | 7 | |
| Goblin Shredder | 3 | |
| Mortar Team | 1 | |
| Gryphon Rider | 5 | |
36 total
» upgrades
| Masonry | 3 | |
| Defend | 1 | |
| Lumber Harvesting | 1 | |
| Swords | 2 | |
| Storm Hammers | 1 | |
| Armor | 1 | |
9 total
» buildings
| Altar of Kings | 1 | |
| Farm | 8 | |
| Barracks | 1 | |
| Lumber Mill | 1 | |
| Town Hall | 1 | |
| Scout Tower | 14 | |
| Keep | 1 | |
| Guard Tower | 12 | |
| Arcane Vault | 1 | |
| Blacksmith | 2 | |
| Workshop | 2 | |
| Castle | 2 | |
| Gryphon Aviary | 3 | |
49 total
» build order
00:08 Altar of Kings
00:18 Farm
00:22 Barracks
00:59 Farm
02:03 Farm
02:52 Lumber Mill
03:17 Farm
04:30 Town Hall
04:34 Scout Tower
04:35 Scout Tower
04:37 Scout Tower
04:38 Scout Tower
04:43 Scout Tower
04:44 Scout Tower
04:45 Scout Tower
04:58 Keep
05:07 Guard Tower
05:07 Guard Tower
05:19 Guard Tower
05:20 Guard Tower
05:37 Guard Tower
06:10 Arcane Vault
06:12 Blacksmith
06:30 Farm
07:27 Workshop
08:10 Castle
08:10 Castle
09:16 Workshop
09:30 Gryphon Aviary
09:32 Gryphon Aviary
09:36 Gryphon Aviary
09:41 Blacksmith
10:32 Farm
11:25 Scout Tower
11:26 Scout Tower
11:27 Scout Tower
11:28 Scout Tower
11:30 Scout Tower
11:31 Scout Tower
11:32 Scout Tower
12:06 Guard Tower
12:06 Guard Tower
12:06 Guard Tower
12:06 Guard Tower
12:28 Farm
12:29 Farm
» items
StonerCraft (
orange | 48 APM | 626 actions | 12:54)
4 Death Knight
2 Death Coil
2 Unholy Aura
1 Lich
1 Frost Nova
» actions
| Basic commands | 69 | |
| Build / train | 42 | |
| Enter build submenu | 18 | |
| Enter hero's abilities submenu | 5 | |
| Give item / drop item | 2 | |
| Right click | 226 | |
| Select / deselect | 226 | |
| Use ability | 38 | |
626 total
» units
| Acolyte | 7 | |
| Ghoul | 4 | |
| Crypt Fiend | 8 | |
19 total
» upgrades
| Creature Carapace | 1 | |
| Creature Attack | 1 | |
| Web | 1 | |
| Burrow | 1 | |
4 total
» buildings
| Crypt | 1 | |
| Ziggurat | 8 | |
| Graveyard | 1 | |
| Altar of Darkness | 2 | |
| Nerubian Tower | 1 | |
| Tomb of Relics | 1 | |
| Halls of the Dead | 1 | |
| Spirit Tower | 5 | |
| Black Citadel | 1 | |
| Sacrificial Pit | 1 | |
| Necropolis | 1 | |
23 total
» build order
00:06 Crypt
00:08 Ziggurat
00:38 Graveyard
00:56 Altar of Darkness
01:42 Ziggurat
02:04 Nerubian Tower
02:27 Tomb of Relics
03:24 Ziggurat
04:40 Halls of the Dead
05:17 Ziggurat
06:27 Spirit Tower
08:25 Black Citadel
09:17 Ziggurat
09:20 Ziggurat
09:34 Sacrificial Pit
10:23 Ziggurat
10:24 Ziggurat
10:27 Spirit Tower
10:36 Spirit Tower
11:23 Spirit Tower
11:24 Spirit Tower
12:09 Necropolis
12:24 Altar of Darkness
» items
| Rod of Necromancy | 2 | |
| Potion of Healing | 2 | |
4 total
BEARAND4 (
teal | 66 APM | 908 actions | 13:51)
2 Archmage
1 Blizzard
1 Brilliance Aura
» actions
| Assign group hotkey | 12 | |
| Basic commands | 11 | |
| Build / train | 51 | |
| Enter build submenu | 22 | |
| Enter hero's abilities submenu | 2 | |
| Right click | 363 | |
| Select / deselect | 226 | |
| Select group hotkey | 67 | |
| Use ability | 154 | |
908 total
» units
» upgrades
» buildings
| Altar of Kings | 1 | |
| Farm | 9 | |
| Lumber Mill | 1 | |
| Scout Tower | 8 | |
| Arcane Tower | 3 | |
| Guard Tower | 6 | |
| Keep | 3 | |
| Arcane Vault | 1 | |
| Blacksmith | 1 | |
| Workshop | 2 | |
| Castle | 1 | |
36 total
» build order
00:08 Altar of Kings
00:21 Farm
00:37 Lumber Mill
00:57 Farm
01:27 Scout Tower
01:49 Scout Tower
02:00 Arcane Tower
02:29 Scout Tower
02:48 Guard Tower
02:49 Scout Tower
02:50 Scout Tower
02:51 Scout Tower
02:52 Scout Tower
03:04 Guard Tower
03:07 Keep
03:07 Keep
03:07 Keep
03:21 Arcane Vault
03:38 Guard Tower
03:48 Guard Tower
03:56 Blacksmith
03:59 Farm
05:10 Farm
05:10 Farm
05:18 Guard Tower
05:18 Guard Tower
05:29 Workshop
05:30 Workshop
06:22 Castle
07:59 Farm
08:11 Farm
08:32 Farm
10:55 Farm
11:31 Scout Tower
» items
| Scroll of Regeneration | 2 | |
| Scroll of Town Portal | 3 | |
| Potion of Healing | 1 | |
6 total
team 2 (winner)
FurryAvenger (
blue | 44 APM | 603 actions | 13:51)
3 Blademaster
2 Wind Walk
1 Critical Strike
3 Tauren Chieftain
2 War Stomp
1 Endurance Aura
1 Shadow Hunter
1 Healing Wave
» actions
| Assign group hotkey | 3 | |
| Basic commands | 89 | |
| Build / train | 38 | |
| Enter build submenu | 21 | |
| Enter hero's abilities submenu | 7 | |
| Give item / drop item | 4 | |
| Right click | 121 | |
| Select / deselect | 118 | |
| Select group hotkey | 148 | |
| Use ability | 54 | |
603 total
» units
| Peon | 6 | |
| Goblin Shredder | 1 | |
| Shaman | 5 | |
| Tauren | 1 | |
13 total
» upgrades
| Armor | 2 | |
| Shaman Training | 2 | |
| Melee Weapons | 2 | |
| Witch Doctor Training | 1 | |
7 total
» buildings
| Altar of Storms | 1 | |
| Orc Burrow | 8 | |
| War Mill | 1 | |
| Voodoo Lounge | 2 | |
| Stronghold | 1 | |
| Watch Tower | 1 | |
| Fortress | 1 | |
| Spirit Lodge | 2 | |
| Tauren Totem | 1 | |
18 total
» build order
00:05 Altar of Storms
00:09 Orc Burrow
00:25 War Mill
01:20 Voodoo Lounge
02:23 Orc Burrow
02:59 Stronghold
04:14 Watch Tower
05:21 Orc Burrow
05:37 Fortress
05:48 Spirit Lodge
07:11 Spirit Lodge
09:05 Voodoo Lounge
10:22 Tauren Totem
11:38 Orc Burrow
12:34 Orc Burrow
12:37 Orc Burrow
13:03 Orc Burrow
13:30 Orc Burrow
» items
| Healing Salve | 1 | |
| Lesser Clarity Potion | 1 | |
| Scroll of Speed | 1 | |
| Orb of Lightning | 2 | |
| Potion of Healing | 1 | |
6 total
Chevy (
red | 66 APM | 919 actions | 13:51)
3 Mountain King
2 Storm Bolt
1 Bash
1 Paladin
1 Holy Light
» actions
| Assign group hotkey | 12 | |
| Basic commands | 70 | |
| Build / train | 52 | |
| ESC pressed | 1 | |
| Enter build submenu | 29 | |
| Enter hero's abilities submenu | 4 | |
| Right click | 237 | |
| Select / deselect | 151 | |
| Select group hotkey | 313 | |
| Use ability | 50 | |
919 total
» units
| Peasant | 15 | |
| Rifleman | 10 | |
| Mortar Team | 4 | |
29 total
» upgrades
| Gunpowder | 2 | |
| Masonry | 1 | |
| Long Rifles | 1 | |
| Lumber Harvesting | 2 | |
| Armor | 1 | |
| Flare | 1 | |
| Fragmentation Shards | 1 | |
9 total
» buildings
| Farm | 12 | |
| Blacksmith | 1 | |
| Barracks | 1 | |
| Altar of Kings | 1 | |
| Arcane Vault | 1 | |
| Scout Tower | 7 | |
| Arcane Tower | 3 | |
| Town Hall | 1 | |
| Lumber Mill | 1 | |
| Keep | 1 | |
| Guard Tower | 1 | |
| Castle | 1 | |
| Workshop | 3 | |
34 total
» build order
00:38 Farm
00:59 Blacksmith
01:14 Barracks
01:20 Altar of Kings
01:43 Farm
01:53 Arcane Vault
02:11 Scout Tower
02:33 Farm
02:38 Farm
02:49 Farm
02:56 Arcane Tower
02:59 Scout Tower
03:46 Farm
04:31 Arcane Tower
05:42 Town Hall
05:45 Scout Tower
05:46 Scout Tower
05:47 Scout Tower
05:48 Scout Tower
05:49 Farm
06:06 Scout Tower
06:07 Farm
06:09 Farm
06:42 Lumber Mill
06:51 Arcane Tower
08:02 Keep
08:04 Guard Tower
08:07 Farm
08:08 Farm
10:31 Castle
10:47 Workshop
10:53 Workshop
10:55 Workshop
11:30 Farm
» items

»
xstonerkidx (
yellow | 35 APM | 480 actions | 13:51)
4 Crypt Lord
2 Carrion Beetles
2 Spiked Carapace
1 Death Knight
1 Death Coil
» actions
| Basic commands | 3 | |
| Build / train | 36 | |
| Enter build submenu | 20 | |
| Enter hero's abilities submenu | 5 | |
| Right click | 186 | |
| Select / deselect | 207 | |
| Use ability | 23 | |
480 total
» units
| Acolyte | 7 | |
| Ghoul | 3 | |
| Crypt Fiend | 11 | |
| Obsidian Statue | 2 | |
23 total
» upgrades
| Creature Attack | 2 | |
| Creature Carapace | 1 | |
| Web | 1 | |
4 total
» buildings
| Altar of Darkness | 1 | |
| Ziggurat | 9 | |
| Crypt | 1 | |
| Tomb of Relics | 1 | |
| Graveyard | 1 | |
| Halls of the Dead | 1 | |
| Slaughterhouse | 1 | |
| Sacrificial Pit | 1 | |
| Black Citadel | 1 | |
| Boneyard | 1 | |
18 total
» build order
00:08 Altar of Darkness
00:11 Ziggurat
00:59 Crypt
01:04 Tomb of Relics
01:12 Ziggurat
01:39 Graveyard
02:23 Ziggurat
03:20 Halls of the Dead
05:03 Ziggurat
05:43 Slaughterhouse
06:14 Ziggurat
07:21 Sacrificial Pit
07:59 Ziggurat
10:19 Black Citadel
12:59 Ziggurat
13:03 Ziggurat
13:08 Ziggurat
13:48 Boneyard

»
BAdEnd_KingDooM (
purple | 82 APM | 1141 actions | 13:51)
4 Priestess of the Moon
2 Trueshot Aura
2 Searing Arrows
» actions
| Assign group hotkey | 12 | |
| Basic commands | 16 | |
| Build / train | 31 | |
| Enter build submenu | 12 | |
| Enter hero's abilities submenu | 4 | |
| Remove unit from queue | 1 | |
| Right click | 504 | |
| Select / deselect | 87 | |
| Select group hotkey | 444 | |
| Use ability | 30 | |
1141 total
» units
| Wisp | 9 | |
| Chimaera | 3 | |
| Hippogryph | 4 | |
16 total
» upgrades
| Ultravision | 1 | |
| Strength of the Wild | 2 | |
| Well Spring | 1 | |
| Corrosive Breath | 1 | |
5 total
» buildings
| Altar of Elders | 1 | |
| Moon Well | 5 | |
| Tree of Ages | 1 | |
| Hunter's Hall | 1 | |
| Tree of Eternity | 1 | |
| Ancient of Wind | 1 | |
| Chimaera Roost | 2 | |
| Tree of Life | 1 | |
13 total
» build order
00:21 Altar of Elders
00:29 Moon Well
02:19 Tree of Ages
03:07 Hunter's Hall
04:44 Tree of Eternity
04:59 Ancient of Wind
07:13 Chimaera Roost
07:16 Chimaera Roost
07:22 Moon Well
07:27 Moon Well
10:05 Moon Well
10:09 Moon Well
10:28 Tree of Life
» items
Chat log
(00:14 / All) StonerCraft: gl chevy
(00:19 / All) Chevy: you too
(00:27 / All) Chevy: lots of stoners here huh?
(00:35 / All) NOTTODAY.: kush
(00:38 / All) xstonerkidx: i count 2
(00:46 / All) BEARAND4: yeah green smoked so much "pot" that he forgot he was searching
(00:49 / All) StonerCraft: i can't wait to smoke again
(00:53 / All) StonerCraft: 2 more months
(01:07 / All) Chevy: how come? drug test coming up?
(01:21 / All) StonerCraft: i have to worry about it,
(01:31 / All) StonerCraft: was with a friend and got searched, i had a bowl
(01:33 / All) Chevy: buy some synthetic piss on the internet
(01:36 / All) StonerCraft: florida laws suck
(01:57 / All) StonerCraft: its fine ive gone without it over 7 months now
(02:12 / All) StonerCraft: almost there
(04:54 / Allies) NOTTODAY.: this nigger
(04:57 / Allies) BEARAND4: rude
(05:01 / Allies) BEARAND4: he's just getting high
(05:06 / Allies) BEARAND4: gaia's gift to all hippies
(05:15 / Allies) BEARAND4: mellow out
(05:17 / Allies) KinDBuD-Puff: i love phish
(05:51 / Allies) KinDBuD-Puff: ???
(07:08 / All) KinDBuD-Puff: guys sandy hook was staged to help take away 2nd amendment DONT LET THEM
(07:11 / All) KinDBuD-Puff: http://www.youtube.com/watch?v=DGIM0SaSL5k
(07:11 / All) BEARAND4: lmao
(07:13 / All) BEARAND4: hahahahaha
(07:14 / All) KinDBuD-Puff: all proof u need
(07:18 / All) BEARAND4: not really no
(07:27 / All) KinDBuD-Puff: no serious...
(07:30 / All) KinDBuD-Puff: watch the video...
(07:33 / Allies) BEARAND4: i know you're serious
(07:38 / All) KinDBuD-Puff: biggest conspriacy since 9/11
(07:39 / All) KinDBuD-Puff: check it out
(07:40 / All) BEARAND4: lmaop
(07:46 / All) BEARAND4: and 9/11 was a conspiracy too right
(07:50 / All) KinDBuD-Puff: unless of course you believe your government doesnt lie to you
(07:53 / All) Chevy: you smoke too much weed
(08:14 / All) KinDBuD-Puff: weed has nothing to do with anything
(08:17 / All) BEARAND4: "but dude it makes perfect sense"
(08:20 / All) BEARAND4: "the new world order"
(08:22 / All) BEARAND4: hahahahahahaha
(08:37 / All) BEARAND4: "wake up sheeple"
(08:42 / All) KinDBuD-Puff: they made a page remembering ms soto a teach 4 days before it happened
(08:47 / All) BEARAND4: "prisonplanet is my favorite website"
(08:49 / All) KinDBuD-Puff: a RIP page on facebook
(08:51 / All) KinDBuD-Puff: on dec 10?
(08:53 / All) KinDBuD-Puff: 4 days before?
(08:56 / All) BEARAND4: no, nobody did that
(08:57 / All) KinDBuD-Puff: what....
(08:59 / All) KinDBuD-Puff: yes
(09:01 / All) KinDBuD-Puff: they did
(09:03 / All) KinDBuD-Puff: theres proof
(09:04 / All) BEARAND4: you can change the established date on any page
(09:07 / All) Chevy: its more likely they dated it wrong than set up a school shooting...
(09:07 / All) KinDBuD-Puff: 1 of the girls who supposedly died
(09:09 / All) KinDBuD-Puff: was with obama
(09:11 / All) KinDBuD-Puff: the next day
(09:14 / All) BEARAND4: nope
(09:16 / All) KinDBuD-Puff: in a picture
(09:21 / All) KinDBuD-Puff: yep
(09:23 / All) KinDBuD-Puff: your an idiot
(09:23 / All) BEARAND4: you are absolutely insane
(09:25 / All) KinDBuD-Puff: http://www.youtube.com/watch?v=DGIM0SaSL5k
(09:29 / All) KinDBuD-Puff: go look at the video
(09:31 / All) BEARAND4: says the guy who uses "you're" incorrectly
(09:31 / All) KinDBuD-Puff: all the proof is there
(09:33 / All) KinDBuD-Puff: then talk to me
(09:34 / All) BEARAND4: it's a third grade word
(09:36 / All) KinDBuD-Puff: once you figure out
(09:40 / All) KinDBuD-Puff: your government is lieing to you
(09:43 / All) BEARAND4: "lying"
(09:45 / All) BEARAND4: jesus christ
(09:47 / All) BEARAND4: "you're"
(09:47 / All) KinDBuD-Puff: and once your in a fema camp
(09:48 / Allies) KinDBuD-Puff: for no reason
(09:50 / All) BEARAND4: "you're"
(09:53 / All) KinDBuD-Puff: you can talk to me
(09:54 / Allies) StonerCraft: guys just play
(09:58 / All) NOTTODAY.: NOT 2 FUCKS WERE GIVEN
(10:00 / All) KinDBuD-Puff: stupid fucking people
(10:03 / All) KinDBuD-Puff: no wonder washington is so retarded
(10:07 / All) KinDBuD-Puff: poeple like you vote them in
(10:11 / All) KinDBuD-Puff: no nothing about the real world
(10:11 / All) BEARAND4: hahaha i'm canadian sorry
(10:14 / All) BEARAND4: "know"
(10:18 / All) BEARAND4: you can't even speak your native language
(10:19 / All) KinDBuD-Puff: you spend to much time on this game and listening to fox news
(10:20 / All) KinDBuD-Puff: to know anything
(10:34 / All) KinDBuD-Puff: lol
(10:35 / All) KinDBuD-Puff: i dont care
(10:37 / All) KinDBuD-Puff: not english class
(10:39 / All) KinDBuD-Puff: im not a nerd
(10:41 / All) BEARAND4: you are extremely credulous and accept the ramblings of the mentally ill on youtube
(10:50 / All) BEARAND4: the capacity to implement syntax is indicative of intelligence
(10:50 / All) KinDBuD-Puff: youtube only way it will get reported
(10:53 / All) KinDBuD-Puff: media wont report this shit
(10:56 / All) BEARAND4: yes
(11:00 / All) BEARAND4: because it's made up
(11:04 / All) BEARAND4: by the mentally ill
(11:07 / All) KinDBuD-Puff: your fucking retarded
(11:19 / All) KinDBuD-Puff: no wonder nobody likes cnada
(11:37 / Allies) StonerCraft: wtf
(11:46 / Allies) KinDBuD-Puff: hes mad
(11:47 / Allies) KinDBuD-Puff: im owning him
(11:58 / All) KinDBuD-Puff: lol
(11:59 / All) KinDBuD-Puff: teal tked
(12:01 / Allies) StonerCraft: fuck
(12:01 / All) KinDBuD-Puff: because im right
(12:01 / All) KinDBuD-Puff: lolol
(12:04 / Allies) StonerCraft: fuck teal
(12:07 / All) BEARAND4: lol
(12:15 / All) BEARAND4: killing conspiracy theorists: fun
(12:19 / Allies) StonerCraft: figures
(12:19 / All) KinDBuD-Puff: which i dont mind inneeded the loss anyway
(12:21 / All) KinDBuD-Puff: since i was afk most game
(12:32 / All) StonerCraft: go fuck yourself teal and your mother
(12:37 / All) BEARAND4: clan towa #1
(12:39 / All) BEARAND4: http://highper.ch
(12:56 / All) KinDBuD-Puff: hey teal im going to laugh when you end up in a fema camp cause you believe everything your government tells you
(13:04 / All) BEARAND4: hahahahahaha
(13:05 / All) BEARAND4: ownage
(13:15 / All) BAdEnd_KingDooM: ggg
(13:47 / All) BEARAND4: hahahaha
(13:50 / All) BEARAND4: gg!